Map: 2000 Atmospheres LE

Players

ViBE - Winner!

  • Race: Zerg Zerg
  • League: Diamond

FatalglorY

  • Race: Protoss Protoss
  • League: Diamond

VOD

Have the link to the VOD?

Description

Time

  • Played on: April 18, 2021, 9:09 p.m.
  • Length: 16:28
Show
View Real Time Build Order
Export as new Build Order

ViBE Zerg - Winner!

Build Orders: Hatch First, Lurkers 

Get SALT Encoding   

  12  0:00  Drone  
  13  0:13  Overlord  
  13  0:21  Drone  
  14  0:32  Drone  
  14  0:33  Drone  
  16  0:38  Drone  
  17  0:52  Hatchery  
  17  0:55  Drone  
  17  0:59  Drone  
  18  1:14  Spawning Pool  
  18  1:17  Drone  
  18  1:22  Extractor, Drone  
  18  1:31  Drone  
  19  1:49  Overlord  
  19  1:54  Drone  
  19  2:00  Queen  
  22  2:04  Overlord  
  22  2:06  Drone, Queen  
  25  2:17  Drone x2  
  27  2:27  Drone  
  27  2:28  Drone  
  29  2:38  Drone  
  29  2:39  Drone  
  31  2:45  Drone  
  31  2:49  Drone  
  33  2:54  Lair  
  33  2:59  Roach Warren, Overlord  
  33  3:00  Queen  
  33  3:01  Drone  
  35  3:06  Drone  
  36  3:15  Drone x4  
  36  3:19  Drone  
  41  3:32  Drone x3  
  44  3:36  Extractor  
  44  3:37  Extractor, Drone  
  44  3:38  Drone  
  44  3:43  Evolution Chamber  
  43  3:49  Drone  
  43  3:50  Overlord  
  43  3:51  Overlord x3  
  43  3:54  Glial Reconstitution  
  44  4:09  Drone x2  
  47  4:10  Drone x2  
  47  4:14  Roach x2  
  47  4:15  Overseer  
  51  4:21  Drone  
  52  4:30  Roach  
  52  4:31  Roach x2  
  58  4:35  Hatchery  
  58  4:36  Overlord x2  
  57  4:39  Roach x3  
  57  4:44  Roach  
  65  4:51  Drone  
  65  4:59  Zerg Missile Weapons Level 1  
  65  5:09  Drone x8  
  73  5:27  Drone x3  
  76  5:35  Drone x6  
  82  5:48  Queen  
  84  5:51  Drone x4  
  84  5:53  Queen  
  90  6:02  Extractor  
  89  6:04  Extractor, Drone  
  89  6:05  Hydralisk Den, Drone x2  
  90  6:13  Overlord  
  90  6:17  Hatchery  
  89  6:33  Drone  
  89  6:34  Extractor  
  89  6:35  Drone x3  
  89  6:37  Drone  
  89  6:38  Grooved Spines, Evolution Chamber  
  92  6:40  Overlord x6  
  92  6:42  Drone x2  
  94  6:51  Hydralisk x2  
  98  6:56  Zerg Missile Weapons Level 2  
  98  7:01  Hatchery  
  98  7:05  Hydralisk x10  
  118  7:09  Zerg Ground Armor Level 1  
  118  7:17  Hydralisk x5  
  111  7:30  Hydralisk x7  
  117  7:50  Muscular Augments  
  114  7:57  Drone x2  
  116  7:58  Drone  
  116  7:59  Drone x2  
  116  8:00  Drone x3  
  116  8:03  Queen  
  124  8:09  Drone  
  124  8:10  Drone x8  
  133  8:17  Infestation Pit  
  132  8:20  Lurker Den  
  132  8:21  Overlord x4  
  132  8:23  Drone x3  
  134  8:33  Drone x7  
  141  8:37  Hydralisk x2  
  145  9:00  Hydralisk x10  
  165  9:08  Hydralisk  
  165  9:09  Hydralisk x5  
  177  9:21  Hydralisk  
  177  9:22  Hydralisk x2  
  183  9:27  Extractor x2  
  183  9:29  Overlord x3  
  181  9:33  Zerg Ground Armor Level 2, Hive  
  181  10:00  Hydralisk x8  
  181  10:01  Hydralisk  
  199  10:25  Hydralisk x8  
  199  10:35  Hatchery  
  190  10:37  Lurker  
  190  10:38  Lurker x8  
  187  10:52  Lurker x9  
  189  11:12  Spine Crawler, Spore Crawler  
  189  11:14  Spine Crawler  
  189  11:15  Spore Crawler  
  167  11:36  Drone  
  167  11:37  Drone x19  
  187  11:40  Spore Crawler  
  187  11:41  Spine Crawler x2  
  187  11:42  Spine Crawler, Spore Crawler  
  187  11:43  Spine Crawler  
  187  11:44  Spine Crawler  
  187  11:45  Spine Crawler x2  
  187  11:47  Spine Crawler  
  177  11:48  Spine Crawler, Drone x3  
  177  11:49  Spine Crawler, Drone x2  
  177  11:50  Spine Crawler, Drone  
  177  11:51  Spine Crawler  
  179  12:07  Zerg Missile Weapons Level 3  
  179  12:08  Zerg Ground Armor Level 3  
  179  12:09  Seismic Spines  
  179  12:22  Roach  
  179  12:26  Spore Crawler  
  179  12:27  Spine Crawler  
  179  12:28  Spine Crawler x2, Extractor  
  179  12:29  Spine Crawler  
  173  12:30  Extractor  
  173  12:31  Drone x4  
  173  12:32  Drone x6  
  182  12:39  Ravager  
  182  12:42  Lurker x6  
  188  12:44  Hydralisk x6  
  200  13:06  Adaptive Talons  
  191  14:08  Drone x3  
  194  14:10  Spine Crawler  
  194  14:12  Spine Crawler  
  194  14:13  Spine Crawler  
  191  14:31  Lurker x6  
  186  14:35  Hydralisk x4  
  186  14:37  Drone  
  200  14:53  Hatchery  
  200  14:54  Burrow, Pneumatized Carapace  
Show
View Real Time Build Order
Export as new Build Order

FatalglorY Protoss 

Build Orders: 1 Gate Expand, Archon Immortal, Blink Stalkers, Carriers 

Get SALT Encoding   

  12  0:00  Probe  
  13  0:12  Probe  
  14  0:19  Pylon  
  14  0:25  Probe  
  15  0:37  Probe  
  16  0:44  Gateway  
  16  0:49  Assimilator  
  16  0:56  Probe  
  17  1:08  Probe  
  18  1:20  Probe  
  19  1:31  Nexus  
  19  1:32  Probe  
  20  1:39  Cybernetics Core  
  20  1:44  Probe  
  20  1:45  Assimilator  
  21  1:56  Probe  
  21  2:00  Pylon  
  22  2:08  Probe  
  23  2:20  Warp Gate  
  23  2:21  Stalker, Probe  
  26  2:33  Probe  
  27  2:44  Probe (Chrono Boost)  
  28  2:51  Probe (Chrono Boost)  
  29  2:53  Twilight Council  
  29  2:54  Probe (Chrono Boost)  
  29  2:58  Probe x2 (Chrono Boost)  
  31  3:03  Pylon  
  32  3:08  Adept  
  32  3:09  Probe (Chrono Boost)  
  36  3:14  Probe (Chrono Boost)  
  37  3:20  Probe (Chrono Boost)  
  37  3:25  Probe x2 (Chrono Boost)  
  39  3:35  Stargate  
  39  3:36  Probe  
  40  3:41  Probe  
  40  3:45  Blink (Chrono Boost)  
  41  3:48  Probe  
  41  3:53  Probe  
  41  3:54  Nexus  
  43  3:56  Assimilator  
  43  4:00  Probe  
  44  4:05  Probe  
  44  4:07  Pylon  
  45  4:12  Probe  
  45  4:16  Void Ray (Chrono Boost)  
  46  4:18  Probe  
  47  4:24  Probe  
  47  4:25  Robotics Facility  
  47  4:31  Probe  
  53  4:37  Probe  
  53  4:38  Gateway  
  54  4:43  Gateway  
  54  4:47  Void Ray  
  54  4:51  Probe x2  
  58  5:01  Assimilator, Stalker  
  58  5:03  Probe x2  
  58  5:06  Probe  
  63  5:09  Immortal (Chrono Boost)  
  67  5:15  Probe x2  
  67  5:18  Probe  
  70  5:26  Stalker  
  70  5:27  Probe  
  73  5:38  Pylon  
  73  5:39  Stalker  
  73  5:40  Stalker  
  77  5:42  Pylon  
  77  5:50  Void Ray, Pylon  
  77  5:54  Pylon  
  77  5:56  Probe x3  
  84  5:59  Immortal (Chrono Boost)  
  84  6:01  Stalker  
  90  6:06  Pylon  
  90  6:08  Probe x2  
  90  6:09  Gateway, Probe  
  90  6:10  Gateway  
  93  6:16  Assimilator  
  93  6:19  Templar Archives  
  93  6:20  Probe x2  
  93  6:21  Probe  
  93  6:22  Stalker  
  98  6:26  Stalker  
  98  6:32  Probe  
  101  6:33  Stalker  
  101  6:37  Assimilator  
  103  6:41  Immortal (Chrono Boost)  
  107  6:49  Nexus  
  107  6:50  Pylon  
  107  7:09  Probe x3  
  107  7:12  Warp Prism  
  112  7:28  Probe  
  112  7:29  Probe x2  
  111  7:40  Probe  
  102  7:52  Probe  
  102  7:53  Probe  
  102  7:54  Probe  
  105  8:00  Gateway  
  105  8:03  Gateway, Probe  
  106  8:09  Gateway x2  
  106  8:10  Gateway  
  106  8:11  Gateway  
  106  8:12  Void Ray  
  106  8:14  Gateway, Pylon  
  106  8:15  Pylon  
  106  8:18  Gateway  
  106  8:19  Immortal  
  114  8:34  Stalker x5  
  116  8:35  Probe  
  116  8:36  Probe x2  
  127  8:42  Assimilator  
  127  8:43  Assimilator  
  123  8:53  Psionic Storm  
  123  8:58  Pylon  
  123  9:00  Immortal (Chrono Boost)  
  123  9:01  Pylon  
  123  9:02  Forge  
  127  9:03  Pylon  
  127  9:06  Charge (Chrono Boost), Forge  
  127  9:23  High Templar x5  
  127  9:24  High Templar  
  139  9:25  Stalker  
  139  9:26  Stalker x3  
  139  9:28  Archon  
  139  9:29  Archon  
  147  9:37  Probe  
  147  9:38  Probe  
  145  9:48  Zealot x4  
  153  9:52  Protoss Ground Weapons Level 1 (Chrono Boost), Zealot  
  153  9:53  Zealot x2  
  159  10:03  Protoss Ground Armor Level 1 (Chrono Boost)  
  159  10:05  Zealot x6  
  171  10:12  High Templar  
  171  10:13  High Templar  
  175  10:18  Zealot  
  175  10:19  Zealot  
  179  10:24  Nexus  
  179  10:25  Pylon  
  179  10:26  Pylon  
  179  10:27  Photon Cannon  
  179  10:28  Photon Cannon, Pylon  
  163  10:30  Pylon  
  159  10:40  Zealot x3  
  159  10:41  Zealot  
  167  10:52  Observer (Chrono Boost)  
  162  11:01  Zealot x2  
  162  11:02  Zealot x6  
  162  11:03  Zealot  
  170  11:13  Zealot  
  170  11:14  Zealot x2  
  138  11:36  Zealot x2  
  138  11:37  Zealot x6  
  146  11:44  Stargate  
  146  11:45  Observer (Chrono Boost)  
  147  11:48  Fleet Beacon, Stargate  
  147  11:55  Zealot x4  
  147  11:56  Zealot  
  147  11:58  Observer (Chrono Boost), High Templar x2  
  147  11:59  High Templar x4  
  154  12:11  Archon x2  
  154  12:12  Archon  
  154  12:17  Protoss Ground Weapons Level 2 (Chrono Boost)  
  154  12:18  Protoss Ground Armor Level 2 (Chrono Boost), Photon Cannon, Nexus  
  154  12:19  Photon Cannon  
  154  12:20  Warp Prism (Chrono Boost)  
  154  12:21  Pylon  
  154  12:22  Photon Cannon  
  154  12:23  Pylon  
  154  12:25  Photon Cannon  
  154  12:27  High Templar  
  154  12:28  Shield Battery, High Templar x3  
  154  12:29  Shield Battery  
  164  12:30  Zealot x2  
  164  12:31  Sentry x2  
  164  12:32  Sentry  
  174  12:52  Carrier x3 (Chrono Boost)  
  182  13:24  High Templar x5  
  192  13:28  Archon  
  186  13:37  Archon  
  186  13:40  Assimilator  
  186  13:46  Assimilator  
  186  13:47  Zealot  
  186  13:48  Zealot x5  
  170  13:58  Carrier x2 (Chrono Boost)  
  158  14:10  Carrier (Chrono Boost)  
  158  14:23  Zealot  
  160  14:27  Observer  
  160  14:30  Zealot x3  
  160  14:31  Zealot x5  
  156  14:32  Zealot x4  
  170  14:52  Carrier (Chrono Boost)  
  169  14:57  Carrier (Chrono Boost)  
  130  15:25  Zealot x2  
  130  15:26  Zealot x5  
  130  15:27  Zealot x4  
  130  15:28  Zealot  
  130  15:39  Photon Cannon  
  130  15:42  Photon Cannon  
  118  15:43  Shield Battery  
  118  15:44  Photon Cannon, Shield Battery  
  118  15:45  Zealot  
  118  15:46  Photon Cannon, Zealot  
  118  15:47  Zealot x4  
  118  15:48  Zealot x3  
  118  16:09  Zealot x5  
  118  16:10  Zealot x4  
  118  16:11  Zealot  
Tags
 
Add a new tag
Caveats
  • Supply blocks, unpowered buildings, or Contaminate may cause inaccurate times.
  • Supply counts are checked every 10 seconds.